 Dungeon Crawl Stone Soup version 0.28.0-53-g5a82cb258f (webtiles) character file.

Game seed: 18266298874837603649

6 Zeld the Conjurer (level 1, 0/10 HPs)
             Began as a Gargoyle Conjurer on June 1, 2022.
             Frozen to death by an endoplasm (5 damage)
             ... on level 1 of the Dungeon.
             The game lasted 00:00:40 (250 turns).

Zeld the Conjurer (Gargoyle Conjurer)                Turns: 250, Time: 00:00:42

Health: 0/10       AC:  4    Str: 10    XL:     1   Next: 90%
Magic:  0/3        EV: 11    Int: 18    God:
Gold:   0          SH:  0    Dex:  8    Spells: 3/4 levels left

rFire   . . .      SeeInvis .   (no weapon)
rCold   . . .      Faith    .   (no shield)
rNeg    + . .      Spirit   .   a - +0 robe
rPois   ∞          Reflect  .   (no helmet)
rElec   +          Harm     .   (no cloak)
rCorr   .          Rampage  .   (no gloves)
Will    .....                   (no boots)
Stlth   ++........              (no amulet)
HPRegen 0.03/turn               (no ring)
MPRegen 0.08/turn               (no ring)

@: no status effects
A: sickness immunity, AC +2, negative energy resistance 1, electricity
resistance, torment resistance 1, petrification resistance
a: no special abilities


You were on level 1 of the Dungeon.
You visited 1 branch of the dungeon, and saw 1 of its levels.

Inventory:

Armour
 a - a +0 robe (worn)
Scrolls
 b - 2 scrolls of immolation {unknown}
Potions
 c - a potion of mutation {unknown}


   Skills:
 - Level 1.5 Dodging
 + Level 2.3 Stealth
 * Level 2.1 Spellcasting
 + Level 4.4 Conjurations
 * Level 0.3 Hexes
 * Level 0.3 Translocations


You had 3 spell levels left.
You knew the following spells:

 Your Spells              Type           Power      Damage    Failure   Level
a - Magic Dart            Conj           68%        1d6       3%          1

Your spell library contained the following spells:

 Spells                   Type           Power      Damage    Failure   Level
 Searing Ray              Conj           34%        2d5       4%          2
 Dazzling Flash           Conj/Hex       20%        N/A       21%         3
 Fulminant Prism          Conj/Hex       5%         3d7       54%         4
 Iskenderun's Mystic Bla  Conj/Tloc      10%        2d4       54%         4


Dungeon Overview and Level Annotations

Branches:
Dungeon (1/15)

Altars:


Innate Abilities, Weirdness & Mutations

You are immune to sickness and miasma.
Your stone body is resilient. (AC +2)
You are immune to poison.
You resist negative energy. (rN+)
You are resistant to electric shocks. (rElec)
You are resistant to unholy torment.
You are immune to petrification.


Message History

Confirm with . or Enter, or press ? or * to list all spells.
Aiming: Magic Dart (safe; 3% risk of failure)
Press: ? - help, Shift-Dir - straight line, f/p - endoplasm
Aim: an endoplasm (lightly wounded, 100% to hit)
The magic dart hits the rat.
The rat is heavily wounded.
The rat barely misses you.
Unknown command.
A kobold comes into view. It is wielding a +0 short sword.
Casting: Magic Dart (safe; 3% risk of failure)
Confirm with . or Enter, or press ? or * to list all spells.
Aiming: Magic Dart (safe; 3% risk of failure)
Press: ? - help, Shift-Dir - straight line, f/p - endoplasm
Aim: an endoplasm (100% to hit)
The magic dart hits the rat.
You kill the rat!
Unknown command.
Casting: Magic Dart (safe; 3% risk of failure)
Confirm with . or Enter, or press ? or * to list all spells.
Aiming: Magic Dart (safe; 3% risk of failure)
Press: ? - help, Shift-Dir - straight line, f/p - endoplasm
Aim: an endoplasm (100% to hit)
The magic dart hits the endoplasm.
The endoplasm is moderately wounded.
Unknown command.
The endoplasm jiggles.
You hit the endoplasm.
The endoplasm is severely wounded.
The endoplasm freezes you.
You are frozen.
You barely miss the endoplasm.
The endoplasm is severely wounded.
The endoplasm hits you.
You are too injured to fight recklessly!
You hit the endoplasm but do no damage.
The endoplasm is severely wounded.
The endoplasm freezes you.
You are frozen.
Ouch! That really hurt!
You die...

### #.# ######### #.# #.......#
### #.#
##.......###########.###.#
...............J@......#.#######
##.......###########.#.#.......#
#.......# #...#.......#
#.......# #.#...####..#
#.......# #.#......... #.......#
#........... #.......#
#######..##.###. #.......# #..##
#.......# #...K...#
#.#.####.##.#.#


You could see an endoplasm.

Vanquished Creatures
  A giant cockroach (D:1)
  A kobold (D:1)
  A ball python (D:1)
  A goblin (D:1)
  3 rats (D:1)
7 creatures vanquished.

Notes
Turn   | Place    | Note
-------+----------+-------------------------------------------
     0 | D:1      | Zeld the Gargoyle Conjurer began the quest for the Orb.
     0 | D:1      | Reached XP level 1. HP: 10/10 MP: 3/3
   250 | D:1      | Frozen to death by an endoplasm

Illustrated notes

Levels and vault maps discovered:
D:1:      saegor_arrival_simple_e, layout_basic, st_stairs_2,
          nicolae_figureground_sparkle

Action                   || total
-------------------------++-------
Melee: Unarmed           ||    22
 Cast: Magic Dart        ||    15
Armor: Robe              ||    16
Dodge: Dodged            ||    21
